 Dungeon Crawl Stone Soup version 0.22-a0-782-g038298e (webtiles) character file.

72 WLBjork the Chopper (level 4, -8/40 HPs)
             Began as a Draconian Monk on July 20, 2018.
             Mangled by an ogre
             ... wielding a +0 giant club
              (23 damage)
             ... on level 2 of the Dungeon.
             The game lasted 00:08:40 (1230 turns).

WLBjork the Chopper (Draconian Monk)                Turns: 1230, Time: 00:08:41

Health: -8/40      AC:  6    Str: 14    XL:     4   Next: 7%
Magic:  4/4        EV: 13    Int: 11    God:
Gold:   21         SH:  0    Dex: 13    Spells: 3/3 levels left

rFire    . . .     SeeInvis .   a - +0 hand axe
rCold    . . .     Gourm    .   (no shield)
rNeg     . . .     Faith    .   (armour unavailable)
rPois    .         Spirit   .   (helmet restricted)
rElec    .         Reflect  .   (no cloak)
rCorr    .         Harm     .   (no gloves)
MR       .....                  f - +0 pair of boots
Stlth    ++........             (no amulet)
HPRegen  0.13/turn              (no ring)
MPRegen  0.09/turn              (no ring)

@: lethally poisoned (-8 -> -10)
A: unfitting armour, cold-blooded, AC +5
a: no special abilities


You were on level 2 of the Dungeon.
You were not hungry.

You visited 1 branch of the dungeon, and saw 2 of its levels.

You collected 21 gold pieces.

Inventory:

Hand Weapons
 a - a +0 hand axe (weapon)
 i - a +0 hand axe
Armour
 f - a +0 pair of boots (worn)
 h - a +0 robe
Scrolls
 c - 2 scrolls of enchant weapon {unknown}
 d - 3 scrolls of identify {unknown}
 e - a scroll of remove curse {unknown}
 j - a scroll of fog {unknown}
 k - a scroll of blinking {unknown}
Comestibles
 b - a ration
 g - 3 chunks of flesh


   Skills:
 + Level 3.7 Fighting
 + Level 4.1 Axes
 + Level 3.1 Dodging
 + Level 2.1 Stealth


You had 3 spell levels left.
You didn't know any spells.
Your spell library was empty.

Dungeon Overview and Level Annotations

Branches:
Dungeon (2/15)

Altars:


Innate Abilities, Weirdness & Mutations

Your plain brown scales are hard. (AC +5)
You cannot fit into any form of body armour.
You are cold-blooded and may be slowed by cold attacks.


Message History

A bat comes into view.
The ogre hits you with a giant club.
The bat moves out of view.
You feel sick.
You hit the ogre but do no damage.
You tail-slap the ogre, but do no damage.
The ogre closely misses you.
You hit the ogre but do no damage. The ogre barely misses you.
You hit the ogre.
The ogre is lightly wounded.
You feel sick. The ogre barely misses you.
You hit the ogre.
The ogre is lightly wounded.
You hit the ogre.
Your tail-slap misses the ogre.
The ogre is moderately wounded.
The ogre barely misses you.
You barely miss the ogre.
The ogre is moderately wounded.
The ogre hits you with a giant club!!
Ouch! That really hurt!
You die...

...### #.......รท...# #.# #
#. ..##
#.#####..##.#####.## #.
#.######.#####..##.........
#.
#........................##
#.
#.######.#################
..# ##.## ### #...#####
#.###....#########. ..#
##....O@....... #.#
##...#######.. #. #<..$...#
# #........# #..##.##.r...g
#..# ... #.###. .... ..#..
... .....#.# #.# ?.# .##.
.. .. ...


You could see an ogre.

Vanquished Creatures
  2 adders (D:2)
  A worm (D:2)
  A dart slug (D:1)
  A leopard gecko (D:2)
  4 ball pythons
  4 bats
  4 giant cockroaches
  2 goblins (D:1)
  7 hobgoblins
  4 jackals (D:1)
  A quokka (D:2)
  3 frilled lizards
  6 kobolds
  6 rats
46 creatures vanquished.

Notes
Turn   | Place    | Note
-------+----------+-------------------------------------------
     0 | D:1      | WLBjork the Draconian Monk began the quest for the Orb.
     0 | D:1      | Reached XP level 1. HP: 19/19 MP: 1/1
   149 | D:1      | Reached XP level 2. HP: 23/26 MP: 2/2
   426 | D:1      | Reached XP level 3. HP: 28/31 MP: 3/3
  1067 | D:2      | Reached skill level 4 in Axes
  1215 | D:2      | Reached XP level 4. HP: 25/40 MP: 4/4
  1219 | D:2      | Noticed an ogre
  1230 | D:2      | Mangled by an ogre

Vault maps used:
D:1:      dpeg_arrival_signposts
D:2:      minmay_box_of_dots, uniq_robin, uniq_natasha

Skill      XL: |  1  2  3 |
---------------+----------+-----
Stealth        | 2 |  2.1
Dodging        | 3 |  3.1
Axes           | 4 |  4.1
Fighting       | |  3.7

Action                   |  1- 3 |  4- 6 || total
-------------------------+-------+-------++-------
Melee: Hand axe          |   142 |    13 ||   155
       Tailslap          |    12 |     3 ||    15
  Use: Potion            |     1 |       ||     1
 Stab: Sleeping          |     3 |       ||     3
  Eat: Chunk             |     1 |       ||     1
Armor: Skin              |    47 |     2 ||    49
Dodge: Dodged            |    97 |     7 ||   104

Table legend:
 A = Spawn XP
 B = Non-spawn XP
 C = Spawn XP percentage of total XP
 D = Spawn monster count
 E = Non-spawn monster count
 F = Spawn count percentage of total count
 G = Total turns spent on level
                    A         B        C        D         E        F      G
               +---------+---------+-------+---------+---------+-------+---------
         Total |       0 |     104 |   0.0 |       0 |      46 |   0.0 |  1230
               +---------+---------+-------+---------+---------+-------+---------
           D:1 |       0 |      43 |   0.0 |       0 |      24 |   0.0 |   589
           D:2 |       0 |      61 |   0.0 |       0 |      22 |   0.0 |   641
               +---------+---------+-------+---------+---------+-------+---------
